 Dungeon Crawl Stone Soup version 0.23.2-30-g0e89c35649 (webtiles) character file.

Game seed: 10330171877105218222

198 Zephirin the Cudgeler (level 5, 0/47 HPs)
             Began as a Hill Orc Monk on June 10, 2019.
             Slain by a hound skeleton (3 damage)
             ... on level 4 of the Dungeon.
             The game lasted 00:16:44 (2397 turns).

Zephirin the Cudgeler (Hill Orc Monk)               Turns: 2397, Time: 00:16:45

Health: 0/47       AC:  7    Str: 15    XL:     5   Next: 77%
Magic:  14/14      EV: 11    Int: 10    God:
Gold:   199        SH:  0    Dex: 13    Spells: 4/4 levels left

rFire    . . .     SeeInvis .   e - +1 whip (drain)
rCold    . . .     Gourm    .   (no shield)
rNeg     . . .     Faith    .   f - +1 ring mail
rPois    .         Spirit   .   (no helmet)
rElec    .         Reflect  .   (no cloak)
rCorr    +         Harm     .   k - +0 pair of gloves
MR       .....                  (no boots)
Stlth    +.........             (no amulet)
HPRegen  0.15/turn              m - ring of magical power
MPRegen  0.14/turn              t - ring of resist corrosion

@: no status effects
A: no striking features
a: no special abilities


You were on level 4 of the Dungeon.
You were not hungry.

You visited 1 branch of the dungeon, and saw 4 of its levels.

You collected 199 gold pieces.

Inventory:

Hand Weapons
 a - a +0 mace
 e - a +1 whip of draining (weapon)
 q - a +0 flail
Missiles
 d - 132 stones (quivered)
 g - 30 arrows
Armour
 b - a +0 robe
 f - a +1 ring mail (worn)
 i - a cursed +0 ring mail
 k - a +0 pair of gloves (worn)
 o - a +0 chain mail
 p - a +0 ring mail
Jewellery
 m - a ring of magical power (left hand)
 t - a ring of resist corrosion (right hand)
Scrolls
 l - a scroll of remove curse
 r - a scroll of enchant weapon
Potions
 j - 2 potions of flight
 n - a potion of curing
Comestibles
 c - 4 rations
 v - 7 chunks of flesh


   Skills:
 + Level 4.4 Fighting
 + Level 5.0 Maces & Flails
 + Level 1.2 Throwing
 + Level 1.8 Armour
 + Level 2.7 Dodging
 + Level 2.3 Stealth


You had 4 spell levels left.
You didn't know any spells.
Your spell library was empty.

Dungeon Overview and Level Annotations

Branches:
Dungeon (4/15)
 Temple: D:4-7

Altars:

Shops:
D:4 !


Message History

The bullfrog hits you but does no damage.
The bullfrog hits you.
* * * LOW HITPOINT WARNING * * *
You hit the bullfrog. You drain the bullfrog.
The bullfrog is moderately wounded.
The gnoll hits you with a +0 club.
* * * LOW HITPOINT WARNING * * *
The bullfrog closely misses you.
The gnoll hits you from afar with a +0 spear.
* * * LOW HITPOINT WARNING * * *
The bullfrog hits you.
* * * LOW HITPOINT WARNING * * *
The bullfrog misses you. The gnoll misses you.
The bullfrog releases a deep croak.
The bullfrog closely misses you. The bullfrog closely misses you.
The gnoll misses you.
The bullfrog hits you but does no damage.
The hound skeleton completely misses you.
The hound skeleton bites you.
You die...

.........(.....#
...............#
...............#
...............#
...............###
..............g..#
..รท............gg#
...............ZF#
................@#
.................#
...............###
...............#
...............#
################


You could see a bullfrog, 3 gnolls and a hound skeleton.

Vanquished Creatures
  A howler monkey (D:4)
  A hound (D:4)
  A worker ant (D:4)
  2 gnolls
  3 adders
  2 oozes (D:3)
  2 leopard geckos
  2 orcs
  A giant cockroach (D:1)
  5 goblins
  4 hobgoblins
  5 jackals
  A quokka (D:3)
  5 bats
  2 frilled lizards
  9 kobolds
  A rat (D:3)
47 creatures vanquished.

Notes
Turn   | Place    | Note
-------+----------+-------------------------------------------
     0 | D:1      | Zephirin the Hill Orc Monk began the quest for the Orb.
     0 | D:1      | Reached XP level 1. HP: 19/19 MP: 1/1
   103 | D:1      | Reached XP level 2. HP: 25/27 MP: 2/2
   586 | D:2      | Reached XP level 3. HP: 33/33 MP: 3/3
   617 | D:2      | Reached skill level 4 in Maces & Flails
   988 | D:2      | Reached XP level 4. HP: 40/40 MP: 4/4
  1502 | D:3      | Reached skill level 1 in Armour
  2295 | D:4      | Reached XP level 5. HP: 41/46 MP: 5/5
  2304 | D:4      | Reached skill level 1 in Throwing
  2354 | D:4      | Found Ciereor's Distillery.
  2369 | D:4      | Reached skill level 5 in Maces & Flails
  2397 | D:4      | Slain by a hound skeleton

Skill      XL: |  1  2  3  4  5 |
---------------+----------------+-----
Fighting       | 4 |  4.4
Maces & Flails | 4 5 |  5.0
Armour         | 1 |  1.8
Stealth        | 2 |  2.3
Throwing       | 1 |  1.2
Dodging        | |  2.7

Action                   |  1- 3 |  4- 6 || total
-------------------------+-------+-------++-------
Melee: Mace              |     8 |       ||     8
       Whip              |    81 |    62 ||   143
Throw: Stone             |     8 |     2 ||    10
       Javelin           |       |    12 ||    12
  Use: Potion            |     7 |     3 ||    10
       Scroll            |     4 |     3 ||     7
 Stab: Sleeping          |     2 |       ||     2
       Distracted        |       |     1 ||     1
  Eat: Ration            |       |     1 ||     1
       Chunk             |       |     1 ||     1
Armor: Ring mail         |    31 |    16 ||    47
Dodge: Dodged            |    61 |    43 ||   104
